 Dungeon Crawl Stone Soup version 0.31-a0-844-gdc52ec4e09 (webtiles) character file.

Game seed: 15075886636862846874

3 Pixllover the Trooper (level 1, -2/14 HPs)
             Began as a Gargoyle Berserker on Sept 29, 2023.
             Was a Follower of Trog.
             Slain by a quokka (4 damage)
             ... on level 1 of the Dungeon.
             The game lasted 00:00:21 (59 turns).

Pixllover the Trooper (Gargoyle Berserker)            Turns: 59, Time: 00:00:22

Health: -2/14      AC:  4    Str: 20    XL:     1   Next: 50%
Magic:  1/1        EV: 11    Int:  7    God:    Trog [*.....]
Gold:   10         SH:  0    Dex:  9    Spells: 0/0 levels left

rFire   . . .        a - +0 mace
rCold   . . .        (no shield)
rNeg    + . .        b - +0 animal skin
rPois   ∞            (no helmet)
rElec   +            (no cloak)
rCorr   .            (no gloves)
SInv    .            (no boots)
Will    .....        (no amulet)
Stlth   +            (no ring)
HPRegen 0.22/turn    (no ring)
MPRegen 0.07/turn

%: no passive effects
@: on berserk cooldown, slowed, very slow
A: sickness immunity, AC +2, negative energy resistance 1, electricity
resistance, torment resistance 1, petrification resistance
a: Renounce Religion, Berserk


You were on level 1 of the Dungeon.
You worshipped Trog.
Trog was aware of your devotion.
You visited 1 branch of the dungeon, and saw 1 of its levels.

You collected 10 gold pieces.

Inventory:

Hand Weapons
 a - a +0 mace (weapon)
Armour
 b - a +0 animal skin (worn)
Potions
 c - a potion of magic {unknown}


   Skills:
 + Level 3.4 Fighting
 + Level 3.0 Maces & Flails
 + Level 2.2 Armour
 + Level 1.6 Dodging


You couldn't memorise any spells.
You didn't know any spells.
Your spell library was empty.

Dungeon Overview and Level Annotations

Branches:
Dungeon (1/15)

Altars:

Annotations:
D:1 1 runed translucent door


Innate Abilities, Weirdness & Mutations

You are immune to sickness and miasma.
Your stone body is resilient. (AC +2)
You are immune to poison.
You resist negative energy. (rN+)
You are resistant to electric shocks. (rElec)
You are resistant to unholy torment.
You are immune to petrification.


Message History

A quokka comes into view.
The quokka bites you but does no damage.
You barely miss the quokka. The quokka misses you. The quokka bites you.
The quokka attacks as it pursues you! The quokka bites you.
The quokka attacks as it pursues you! The quokka barely misses you.
A quokka comes into view.
The quokka bites you.
A red film seems to cover your vision as you go berserk!
You feel yourself moving faster!
You feel mighty! The quokka closely misses you. The quokka barely misses you.
You miss the quokka. The quokka bites you.
The quokka bites you but does no damage.
You thump the quokka!
You feel the power of Trog in you as your rage grows.
You kill the quokka!
Trog accepts your kill. The quokka barely misses you.
The quokka bites you but does no damage.
You see here a quokka corpse.
You feel a strong urge to attack something.
The quokka bites you.
* * * LOW HITPOINT WARNING * * *
You barely miss the quokka.
The quokka bites you but does no damage.
You miss the quokka. The quokka bites you.
* * * LOW HITPOINT WARNING * * *
The quokka bites you.
* * * LOW HITPOINT WARNING * * *
You hit the quokka.
The quokka is almost dead.
The quokka bites you but does no damage.
The quokka barely misses you.
You sock the quokka!
You kill the quokka!
Trog accepts your kill.
You are no longer berserk.
You are exhausted.
You feel yourself slow down. The quokka misses you.
The quokka closely misses you. The quokka bites you.
You die...

### # #.. ...# #.# .#.##
# #.# ....
..#####.##.#.###
................
#..##.....#...#
.........@#...#
.#..##....r....#
..........##...##
....###...# .......
##..###...##...##..
................. .
...............##.
..........##...##..
+#######+###............


You could see a quokka.

Vanquished Creatures
  2 quokkas (D:1)
  A kobold (D:1)
3 creatures vanquished.

Notes
Turn   | Place    | Note
-------+----------+-------------------------------------------
     0 | D:1      | Pixllover the Gargoyle Berserker began the quest for the
                  | Orb.
     0 | D:1      | Reached XP level 1. HP: 14/14 MP: 1/1
     0 | D:1      | Noticed a jelly
     1 | D:1      | Found a runed translucent door.
    59 | D:1      | Slain by a quokka

Illustrated notes

Levels and vault maps discovered:
D:1:      dpeg_arrival_caged_fury, layout_basic, amethyst_killhole

Action                     || total
---------------------------++-------
  Melee: Mace              ||    10
 Invoke: Berserk           ||     1
 Armour: Animal skin       ||    17
  Dodge: Dodged            ||     9

Table legend: (Time is in decaauts)
 A = Elapsed time spent in this place.
 B = Non-inter-level travel time spent in this place.
 C = Inter-level travel time spent in this place.
 D = Time resting spent in this place.
 E = Time spent auto-exploring this place.
 F = Levels seen in this place.
 G = Mean time per level.
                   A        B        C        D        E       F      G
               +--------+--------+--------+--------+--------+-----+--------+
         Total |     58 |     58 |      0 |      0 |      0 |   1 |   58.0 |
       Dungeon |     58 |     58 |      0 |      0 |      0 |   1 |   58.0 |
               +--------+--------+--------+--------+--------+-----+--------+

Top non-repeatable levels by time:
     D:1: 58 daAuts
